 Dungeon Crawl Stone Soup version 0.30-a0-1124-g6e8f0f562f (webtiles) character file.

Game seed: 11025997138209667936

7 Darkkill the Shooter (level 1, -2/18 HPs)
             Began as a Minotaur Hunter on Apr 23, 2023.
             Slain by a gnoll
             ... wielding a +0 spear
              (5 damage)
             ... on level 1 of the Dungeon.
             The game lasted 00:00:34 (323 turns).

Darkkill the Shooter (Minotaur Hunter)               Turns: 323, Time: 00:00:35

Health: -2/18      AC:  3    Str: 15    XL:     1   Next: 91%
Magic:  0/0        EV: 12    Int:  6    God:
Gold:   15         SH:  0    Dex: 13    Spells: 0/0 levels left

rFire   . . .        a - +0 shortbow
rCold   . . .        (shield currently unavailable)
rNeg    . . .        c - +0 leather armour
rPois   .            (helmet restricted)
rElec   .            (no cloak)
rCorr   .            (no gloves)
SInv    .            (no boots)
Will    .....        (no amulet)
Stlth   +            (no ring)
HPRegen 0.23/turn    (no ring)
MPRegen 0.07/turn

%: no passive effects
@: no status effects
A: horns 2, retaliatory headbutt
a: no special abilities


You were on level 1 of the Dungeon.
You visited 1 branch of the dungeon, and saw 1 of its levels.

You collected 15 gold pieces.

Inventory:

Hand Weapons
 a - a +0 shortbow (weapon)
Missiles
 e - 3 stones
Armour
 c - a +0 leather armour (worn)
 d - a +0 cloak
Scrolls
 b - a scroll of immolation


   Skills:
 + Level 2.6 Fighting
 + Level 4.5 Ranged Weapons
 + Level 2.4 Dodging
 + Level 1.1 Stealth


You couldn't memorise any spells.
You didn't know any spells.
Your spell library was empty.

Dungeon Overview and Level Annotations

Branches:
Dungeon (1/15)

Altars:


Innate Abilities, Weirdness & Mutations

You have a pair of horns on your head.
You reflexively headbutt those who attack you in melee.


Message History

Found a stone staircase leading down.
No target in view!
Found an escape hatch in the floor.
No target in view!
No target in view!
There is an escape hatch in the floor here.
You now have 5 gold pieces.
Found a short sword.
Your line of fire to the rat is blocked by a plant.
The rat splashes around in the water.
The rat bites the plant.
The plant begins to die.
The rat bites the plant.
The rat bites the plant.
The plant begins to die.
d - a +0 cloak The rat bites the plant.
You shoot an arrow. The arrow barely misses the rat.
A nearby plant withers and dies.
The rat bites the plant.
The rat bites the plant.
A kobold comes into view. It is wielding a +0 dagger.
You shoot an arrow. The arrow hits the kobold!
You kill the kobold!
e - 3 stones You see here a +0 dagger.
You open the door.
There is an open door here.
A kobold comes into view. It is wielding a +0 club.
A kobold is nearby!
You shoot an arrow. The arrow hits the kobold.
The kobold is moderately wounded.
A kobold is nearby!
You shoot an arrow. The arrow hits the kobold!
You kill the kobold!
You see here a +0 club.
You now have 15 gold pieces (gained 10).
You open the door.
There is an open door here.
There is an open door here.
You see here a +0 club.
There is an open door here.
A giant cockroach comes into view.
You shoot an arrow. The arrow hits the giant cockroach.
You kill the giant cockroach!
You see here a giant cockroach corpse.
A hobgoblin comes into view.
You shoot an arrow. The arrow hits the hobgoblin!
You kill the hobgoblin!
A giant cockroach comes into view.
Your Stealth skill increases to level 1!
You shoot an arrow. The arrow hits the giant cockroach!
You kill the giant cockroach!
You see here a giant cockroach corpse.
You see here a giant cockroach corpse.
A rat comes into view.
You shoot an arrow. The arrow hits the rat.
You kill the rat!
A kobold and a bat come into view.
You shoot an arrow. The arrow hits the kobold!
You kill the kobold!
A bat is nearby!
You shoot an arrow. The arrow barely misses the bat.
The bat hits you but does no damage. The bat misses you.
You furiously retaliate!
You headbutt the bat!
You kill the bat!
A gnoll comes into view. It is wielding a +0 spear.
The gnoll shouts!
The gnoll moves out of view.
No target in view!
A dart slug comes into view.
Found a sling, a scroll labelled YPEIMP VUIGH, a red potion and 4 stones.
There are monsters nearby!
You shoot an arrow. The arrow hits the gnoll.
The gnoll is heavily wounded.
You shoot an arrow. The arrow barely misses the gnoll.
The gnoll hits you from afar with a +0 spear!
There are monsters nearby!
You are too injured to fight recklessly!
There are monsters nearby!
You are too injured to fight recklessly!
There are monsters nearby!
Fire: a) +0 shortbow
Press: ? - help, Q - select action, (/) - cycle Shift-Dir - straight line, f/p - gnoll
Aim: a gnoll, wielding a +0 spear (heavily wounded, 64% to hit)
You shoot an arrow. The arrow hits the gnoll.
The gnoll is almost dead.
The gnoll hits you but does no damage. The gnoll barely misses you.
Fire: a) +0 shortbow
Press: ? - help, Q - select action, (/) - cycle Shift-Dir - straight line, f/p - gnoll
Aim: a gnoll, wielding a +0 spear (almost dead, 64% to hit)
You shoot an arrow.
The arrow hits the gnoll but does no damage.
The gnoll is almost dead.
The gnoll hits you from afar with a +0 spear!
* * * LOW HITPOINT WARNING * * *
Fire: a) +0 shortbow
Press: ? - help, Q - select action, (/) - cycle Shift-Dir - straight line, f/p - gnoll
Aim: a gnoll, wielding a +0 spear (almost dead, 64% to hit)
You shoot an arrow. The arrow hits the gnoll.
The gnoll is almost dead.
The gnoll hits you from afar with a +0 spear.
You die...

#.# #.... # #.# #.###
#.##########.#####.# #
###...............##.#
...............##.##.#
#######.#########.##.###
........# ###.......
.##)###.# #......### #@#
#.####.# #.?)8..# #.#
#.# ..8(wg#.# #.# #.#
.##.8##.# #.# #.# ##.
#.. #.# #.. . ..# #.#
### . .## #.# ## # ...


You could see a gnoll and a dart slug.

Vanquished Creatures
  2 giant cockroaches (D:1)
  A hobgoblin (D:1)
  A bat (D:1)
  3 kobolds (D:1)
  A rat (D:1)
8 creatures vanquished.

Vanquished Creatures (others)
  4 plants (D:1)
4 creatures vanquished.

Grand Total: 12 creatures vanquished

Notes
Turn   | Place    | Note
-------+----------+-------------------------------------------
     0 | D:1      | Darkkill the Minotaur Hunter began the quest for the Orb.
     0 | D:1      | Reached XP level 1. HP: 18/18 MP: 0/0
   260 | D:1      | Reached skill level 1 in Stealth
   322 | D:1      | HP: 3/18 [gnoll/+0 spear (8)]
   323 | D:1      | Slain by a gnoll

Illustrated notes

Levels and vault maps discovered:
D:1:      eino_arrival_water_star, layout_loops_ring, basic_ecumenical_altar,
          chequers_serial_rivers_small_3, roderic_serpentine_path,
          chequers_big_river, serial_park_tiny_1, fountainhead,
          minmay_pentomino_p4

Skill      XL: |  1 |
---------------+----+-----
Stealth        | 1 |  1.1
Fighting       | |  2.6
Ranged Weapons | |  4.5
Dodging        | |  2.4

Action                     || total
---------------------------++-------
   Fire: Shortbow          ||    15
 Armour: Leather armour    ||     2
  Dodge: Dodged            ||     2

Table legend: (Time is in decaauts)
 A = Elapsed time spent in this place.
 B = Non-inter-level travel time spent in this place.
 C = Inter-level travel time spent in this place.
 D = Time resting spent in this place.
 E = Time spent auto-exploring this place.
 F = Levels seen in this place.
 G = Mean time per level.
                   A        B        C        D        E       F      G
               +--------+--------+--------+--------+--------+-----+--------+
         Total |    328 |    328 |      0 |      0 |    296 |   1 |  328.0 |
       Dungeon |    328 |    328 |      0 |      0 |    296 |   1 |  328.0 |
               +--------+--------+--------+--------+--------+-----+--------+

Top non-repeatable levels by time:
     D:1: 328 daAuts

Table legend:
 A = Kills in this place as a percentage of kills in the entire game.
 B = Kills by you in this place as a percentage of kills by you in the entire game.
 C = Kills by friends in this place as a percentage of kills by friends in the entire game.
 D = Other kills in this place as a percentage of other kills in the entire game.
 E = Experience gained in this place as a percentage of experience gained in the entire game.
 F = Experience gained in this place divided by the number of levels of this place that you have seen.
                   A       B       C       D       E      F
               +-------+-------+-------+-------+-------+----------------------
         Total | 100.0 | 100.0 |   N/A |   N/A | 100.0 |  11.0
       Dungeon | 100.0 | 100.0 |   N/A |   N/A | 100.0 |  11.0
               +-------+-------+-------+-------+-------+----------------------
